 Dungeon Crawl Stone Soup version 0.31-a0-174-g85c54bcb58 (webtiles) character file.

Game seed: 10413898290628812620

38 qw the Shooter (level 3, 0/21 HPs)
             Began as a Gargoyle Hunter on June 15, 2023.
             Slain by Sigmund
             ... wielding a +0 scythe
              (5 damage)
             ... on level 3 of the Dungeon.
             The game lasted 00:00:28 (1502 turns).

qw the Shooter (Gargoyle Hunter)                    Turns: 1502, Time: 00:00:29

Health: 0/21       AC: 10    Str: 14    XL:     3   Next: 43%
Magic:  3/3        EV: 10    Int:  9    God:
Gold:   71         SH:  0    Dex: 15    Spells: 2/2 levels left

rFire   . . .        Y - +0 shortbow
rCold   . . .        (shield currently unavailable)
rNeg    + . .        l - +0 ring mail
rPois   inf          e - +1 helmet
rElec   +            (no cloak)
rCorr   .            (no gloves)
SInv    .            (no boots)
Will    .....        (no amulet) Stlth
                     (no ring)
HPRegen 0.23/turn    (no ring)
MPRegen 0.08/turn

%: no passive effects
@: confused
A: sickness immunity, AC +3, negative energy resistance 1, electricity
resistance, torment resistance 1, petrification resistance
a: no special abilities


You were on level 3 of the Dungeon.
You visited 1 branch of the dungeon, and saw 3 of its levels.

You collected 71 gold pieces.


Innate Abilities, Weirdness & Mutations

You are immune to sickness and miasma.
Your stone body is resilient. (AC +3)
You are immune to poison.
You resist negative energy. (rN+)
You are resistant to electric shocks. (rElec)
You are resistant to unholy torment.
You are immune to petrification.


   Skills:
 + Level 2.2 Fighting
 - Level 5.0 Ranged Weapons
 - Level 1.0 Armour
 - Level 1.5 Dodging
 - Level 1.1 Stealth


You had 2 spell levels left.
You didn't know any spells.
Your spell library was empty.

Inventory:

Hand Weapons
 Y - a +0 shortbow (weapon)
Armour
 e - a +1 helmet (worn)
 l - a +0 ring mail (worn)
Scrolls
 b - a scroll of identify
Potions
 a - a potion of haste {unknown}
 f - a potion of mutation {unknown}
 g - a potion of invisibility {unknown}
 h - a potion of heal wounds {unknown}
 i - a potion of lignification {unknown}
 j - a potion of curing {unknown}

Dungeon Overview and Level Annotations

Branches:
Dungeon (3/15)

Altars:

Annotations:
D:3 Sigmund


Message History

a - a green potion You now have 71 gold pieces (gained 3).
Found a glowing wooden wand.
You shoot an arrow. The arrow closely misses Sigmund.
You shoot an arrow. The arrow completely misses Sigmund.
You shoot an arrow. The arrow hits Sigmund!
Sigmund is moderately wounded.
Sigmund gestures at you while chanting. The puff of flame hits you.
Sigmund barely misses you.
You shoot an arrow.
The arrow hits Sigmund but does no damage.
Sigmund is moderately wounded.
You shoot an arrow. The arrow hits Sigmund.
Sigmund is heavily wounded.
Sigmund hits you but does no damage.
You shoot an arrow. The arrow hits Sigmund!
Sigmund is almost dead.
Sigmund hits you but does no damage.
You shoot an arrow.
The arrow hits Sigmund but does no damage.
Sigmund is almost dead.
Sigmund gestures at you while chanting.
You are confused.
Sigmund hits you from afar with a +0 scythe.
Sigmund says, "Your kind have come here before.
I understand now why.
You desire death..."
Sigmund casts a spell at you. The puff of flame hits you!
Sigmund casts a spell at you.
You are more confused.
Sigmund hits you from afar with a +0 scythe.
An orc priest comes into view. It is wielding a +0 flail.
The orc priest shouts!
An orc comes into view. It is wielding a +0 trident.
Sigmund hits you but does no damage.
The orc shouts!
Sigmund points at you and mumbles some strange words.
You resist with significant effort. Sigmund barely misses you.
Sigmund hits you from afar with a +0 scythe.
You die...

./............
.............
............
....>.o.......
.............#
.......$.....#
........o....#
......@.@#.######..
..#....####..........
.....#.####..........
..#..............#.#
........%...........#
......#..<...###...##
........##...# ##...
......>....### ##
..#####....#


You could see Sigmund, an orc priest and an orc.

Vanquished Creatures
  A shadow imp (D:3)
  A worm (D:2)
  A dart slug (D:1)
  3 orcs (D:2)
  An endoplasm (D:2)
  A goblin (D:2)
  3 hobgoblins
  2 quokkas
  2 ball pythons
  4 bats
  3 frilled lizards (D:2)
  A kobold (D:2)
  A rat (D:2)
24 creatures vanquished.

Notes
Turn   | Place    | Note
-------+----------+-------------------------------------------
     0 | D:1      | qw the Gargoyle Hunter began the quest for the Orb.
     0 | D:1      | Reached XP level 1. HP: 12/12 MP: 1/1
     0 | D:1      | 0 ||| qw: Version: 0.2-a-29-g511e9b1
     0 | D:1      | 0 ||| qw: Game counter: 5181
     0 | D:1      | 0 ||| qw: Always use a shield: true
     0 | D:1      | 0 ||| qw: God list: Okawaru
     0 | D:1      | 0 ||| qw: Allow faded altars: false
     0 | D:1      | 0 ||| qw: Do Orc after D:15 true
     0 | D:1      | 0 ||| qw: Do second Lair branch before Depths: true
     0 | D:1      | 0 ||| qw: Lair rune preference: random
     0 | D:1      | 0 ||| qw: Plans: Normal, Zot:1-4, Slime:5, God:TSO, Crypt,
                  | Tomb, Abyss, Pan, Hells, Win
     0 | D:1      | 0 ||| PLANNING D:1-11
   681 | D:1      | 681 ||| UPGRADING to +0 helmet.
   686 | D:1      | 686 ||| READING scroll labelled UCONGY JYSO.
   687 | D:1      | 687 ||| READING scroll labelled GAN ESKITAMEU.
   691 | D:1      | 691 ||| DROPPING scroll of butterflies.
   730 | D:2      | Reached XP level 2. HP: 17/17 MP: 2/2
  1201 | D:2      | 1201 ||| READING scroll of enchant armour.
  1201 | D:2      | 1201 ||| ENCHANTING +0 helmet.
  1319 | D:2      | 1319 ||| UPGRADING to +0 ring mail.
  1329 | D:2      | 1329 ||| DROPPING +0 leather armour.
  1330 | D:2      | 1330 ||| READING scroll labelled ADAHUDGHEDA.
  1331 | D:2      | 1331 ||| READING 2 scrolls labelled OKEZYXEH PIEM.
  1332 | D:2      | 1332 ||| READING 2 scrolls labelled XOMIYZ LOGOWK.
  1333 | D:2      | 1333 ||| READING scroll labelled SEXZYL FUOSMAB.
  1334 | D:2      | 1334 ||| DROPPING scroll of revelation.
  1350 | D:3      | Noticed Sigmund
  1355 | D:3      | 1355 ||| STAIRDANCE
  1358 | D:2      | Reached XP level 3. HP: 13/21 MP: 3/3
  1363 | D:2      | HP: 3/21 [rat (3)]
  1367 | D:2      | Reached skill level 1 in Armour
  1450 | D:3      | Reached skill level 5 in Ranged Weapons
  1451 | D:3      | 1451 ||| STAIRDANCE
  1496 | D:3      | HP: 4/21 [Sigmund/+0 scythe (5)]
  1502 | D:3      | Slain by Sigmund

Levels and vault maps discovered:
D:1:      wander_arrival_desolate, layout_basic
D:2:      layout_basic
D:3:      layout_rooms, uniq_sigmund

Skill      XL: |  1  2  3 |
---------------+----------+-----
Armour         | 1 |  1.0
Ranged Weapons | 5 |  5.0
Fighting       | |  2.2
Dodging        | |  1.5
Stealth        | |  1.1

Action                     || total
---------------------------++-------
   Fire: Shortbow          ||    94
    Use: Scroll            ||     7
 Armour: Leather armour    ||    10
         Ring mail         ||    18
  Dodge: Dodged            ||    49

Table legend:
 A = Non-vault XP
 B = Vault XP
 C = Vault XP percentage of total XP
 D = Non-vault monster count
 E = Vault monster count
 F = Vault count percentage of total count
                 A         B        C        D         E       F
            +---------+---------+-------+---------+---------+-------
      Total |      55 |       0 |   0.0 |      24 |       0 |   0.0
            +---------+---------+-------+---------+---------+-------
        D:1 |       8 |       0 |   0.0 |       4 |       0 |   0.0
        D:2 |      32 |       0 |   0.0 |      17 |       0 |   0.0
        D:3 |      15 |       0 |   0.0 |       3 |       0 |   0.0
            +---------+---------+-------+---------+---------+-------
